Get step-by-step instructions on how to execute this build order below. Start the game timer, and the build order will tick by so you can play in parallel with StarCraft on a second screen or mobile device.

Game Time

  0:00

Last Step

  N/A

Next Step

  12  0:00  Probe  

Upcoming Step

  13  0:12  Probe  

Don't want to look back and forth between 2 screens? Try out our Overwolf App, the Spawning Tool Build Advisor to get an in-game overlay with this build!

Complete Build Order

  12  0:00  Probe  
  13  0:12  Probe  
  14  0:17  Pylon  
  14  0:24  Probe (Chrono Boost)  
  15  0:36  Probe (Chrono Boost)  
  15  0:37  Gateway  
  16  0:45  Probe (Chrono Boost)  
  16  0:46  Assimilator  
  17  0:51  Probe  
  18  1:03  Probe  
  19  1:15  Probe  
  20  1:23  Nexus  
  20  1:33  Cybernetics Core  
  20  1:36  Probe  
  21  1:41  Assimilator  
  21  1:48  Probe  
  21  1:50  Pylon  
  22  2:00  Probe  
  23  2:07  Adept (Chrono Boost)  
  23  2:12  Probe  
  23  2:14  Stargate  
  26  2:24  Warp Gate, Probe (Chrono Boost)  
  26  2:27  Adept (Chrono Boost)  
  27  2:35  Probe (Chrono Boost)  
  30  2:43  Probe (Chrono Boost)  
  32  2:45  Probe (Chrono Boost)  
  32  2:49  Adept  
  32  2:50  Probe (Chrono Boost)  
  35  2:52  Probe  
  36  3:01  Oracle (Chrono Boost), Probe  
  36  3:04  Probe  
  41  3:07  Pylon  
  41  3:14  Probe  
  41  3:16  Probe  
  41  3:17  Gateway  
  43  3:30  Oracle (Chrono Boost)  
  43  3:32  Adept, Probe x2  
  46  3:46  Nexus  
  46  3:50  Probe  
  46  3:51  Probe  
  48  4:03  Pylon, Probe x2  
  50  4:11  Twilight Council  
  50  4:12  Assimilator, Pylon  
  50  4:17  Probe x2  
  50  4:21  Adept  
  50  4:22  Adept  
  54  4:26  Assimilator  
  54  4:34  Probe x2  
  54  4:37  Blink (Chrono Boost)  
  56  4:38  Gateway  
  56  4:39  Gateway  
  56  4:46  Probe x2, Pylon  
  56  4:52  Stalker  
  60  4:54  Stalker  
  62  5:01  Probe x2 (Chrono Boost)  
  62  5:06  Probe (Chrono Boost)  
  65  5:11  Probe x2 (Chrono Boost)  
  68  5:14  Shield Battery, Probe (Chrono Boost)  
  68  5:17  Stalker x2  
  72  5:22  Probe x2 (Chrono Boost)  
  72  5:27  Probe (Chrono Boost)  
  75  5:29  Forge  
  75  5:34  Probe (Chrono Boost)  
  77  5:35  Pylon  
  77  5:40  Probe (Chrono Boost)  
  77  5:42  Probe x2 (Chrono Boost)  
  79  5:46  Probe (Chrono Boost)  
  79  5:48  Probe  
  79  5:49  Probe  
  81  5:52  Assimilator  
  81  5:53  Stalker x3, Templar Archives  
  81  5:55  Stalker  
  90  5:57  Assimilator  
  90  6:00  Protoss Ground Weapons Level 1 (Chrono Boost)  
  90  6:02  Pylon  
  90  6:09  Probe x3  
  90  6:10  Shield Battery  
  93  6:12  Pylon  
  93  6:17  Pylon  
  93  6:20  Pylon  
  93  6:22  Probe  
  94  6:27  Stalker x3  
  94  6:31  Stalker  
  102  6:34  Charge  
  102  6:35  Gateway  
  102  6:36  Gateway  
  102  6:41  Psionic Storm  
  102  6:49  Photon Cannon  
  102  6:50  Gateway  
  102  6:52  Gateway  
  102  7:00  Stalker x2  
  102  7:01  Stalker  
  94  7:23  High Templar x2  
  94  7:24  High Templar x2  
  94  7:28  Pylon  
  102  7:30  Pylon  
  102  7:32  Shield Battery, Photon Cannon  
  102  7:36  Stalker x2  
  106  7:45  Protoss Ground Weapons Level 2 (Chrono Boost)  
  106  7:50  Zealot x2  
  110  7:52  Pylon  
  110  7:54  Robotics Facility, Pylon  
  110  7:57  Pylon  
  110  8:02  Nexus  
  110  8:03  Pylon  
  109  8:13  Stalker x6  
  109  8:14  Stalker x2  
  117  8:20  Photon Cannon  
  117  8:22  Photon Cannon  
  117  8:28  Shield Battery x2  
  111  8:42  Stalker  
  111  8:43  Stalker x5  
  111  8:46  Archon  
  111  8:47  Archon  
  114  8:51  Stalker x2  
  116  9:00  Probe  
  116  9:01  Phoenix (Chrono Boost), Probe x2  
  119  9:09  Stalker x3  
  125  9:17  Photon Cannon  
  125  9:22  Phoenix (Chrono Boost)  
  127  9:24  High Templar  
  127  9:25  High Templar x3  
  127  9:27  Probe x3  
  127  9:28  Probe  
  125  9:38  Archon x2  
  125  9:39  Stalker x2  
  125  9:40  Stalker x2  
  127  9:48  Phoenix (Chrono Boost)  
  129  9:54  Shield Battery  
  129  9:56  Fleet Beacon  
  129  9:57  Shield Battery  
  129  9:58  Photon Cannon  
  129  10:00  Photon Cannon  
  129  10:06  Probe x4  
  133  10:09  Photon Cannon  
  133  10:11  Phoenix (Chrono Boost)  
  135  10:18  High Templar  
  135  10:19  High Templar  
  139  10:23  Zealot x5  
  139  10:26  Anion Pulse-Crystals  
  147  10:30  Phoenix (Chrono Boost)  
  147  10:34  Stargate  
  149  10:39  Assimilator, Photon Cannon  
  149  10:40  Assimilator  
  149  10:41  Pylon  
  149  10:49  Zealot x3  
  155  10:50  Zealot  
  155  10:54  Phoenix (Chrono Boost)  
  159  11:03  Archon  
  156  11:10  Zealot x7  
  158  11:12  Phoenix (Chrono Boost)  
  160  11:22  Photon Cannon  
  160  11:24  Shield Battery  
  160  11:27  Phoenix (Chrono Boost), Photon Cannon x2  
  162  11:34  Zealot, Phoenix (Chrono Boost)  
  157  11:47  Phoenix  
  157  11:52  Phoenix  
  159  11:58  Zealot x2, High Templar x4  
  159  11:59  Zealot x2  
  175  12:12  Phoenix  
  177  12:17  Phoenix  
  177  12:21  Immortal (Chrono Boost)  
  177  12:27  Robotics Facility  
  159  12:39  Zealot x7  
  159  12:40  Zealot  
  169  12:45  Phoenix x2  
  163  12:55  Archon x2  
  155  13:01  Zealot x8